 Dungeon Crawl Stone Soup version 0.18.1-48-g4cf74bf (webtiles) character file.

9302 Metae the Protected (level 11, 0/103 HPs)
             Began as a Deep Dwarf Fighter on June 26, 2016.
             Was an Elder of Makhleb.
             Succumbed to a spiny frog's poison
             ... on level 3 of the Lair of Beasts.
             The game lasted 01:10:16 (9217 turns).

Metae the Protected (Deep Dwarf Fighter)            Turns: 9217, Time: 01:10:16

Health: 0/103      AC: 15    Str: 22    XL:     11   Next: 21%
Magic:  13/13      EV: 10    Int: 10    God:    Makhleb [****..]
Gold:   570        SH: 16    Dex: 15    Spells: 0 memorised, 17 levels left

rFire  . . .     SeeInvis .     E - +3 hand axe
rCold  . . .     Gourm    .     Y - +2 ring mail {MR+}
rNeg   . . .     Faith    .     t - +0 large shield
rPois  .         Spirit   .     x - +0 helmet
rElec  .         Dismiss  .     l - +0 cloak
rCorr  .         Reflect  .     k - +0 pair of gloves
SustAt .         Harm     .     (no boots)
MR     ++...                    (no amulet)
Stlth  +.........               b - +2 ring of protection
                                I - +3 ring of strength

@: lethally poisoned (0 -> -7), non-regenerating, very resistant to hostile
enchantments, very unstealthy
A: damage resistance, recharge devices, sense surroundings 2, slow regeneration
3
a: Device Recharging, Minor Destruction, Lesser Servant of Makhleb, Major
Destruction, Renounce Religion


You were on level 3 of the Lair of Beasts.
You worshipped Makhleb.
Makhleb was greatly pleased with you.
You were not hungry.

You visited 2 branches of the dungeon, and saw 11 of its levels.

You collected 570 gold pieces.

Inventory:

Hand Weapons
 a - a +0 war axe
 D - a +0 blowgun
 E - a +3 hand axe (weapon)
 O - a +1 flail of protection
 W - a +0 scimitar of flaming
Missiles
 P - 37 poisoned needles
 Z - 5 curare-tipped needles
Armour
 k - a +0 pair of gloves (worn)
 l - a +0 cloak (worn)
 t - a +0 large shield (worn)
 x - a +0 helmet (worn)
 F - a +0 chain mail
 Y - a +2 ring mail of magic resistance (worn)
Jewellery
 b - a +2 ring of protection (right hand)
 c - a +2 ring of protection
 f - an uncursed ring of flight
 y - an uncursed ring of protection from cold
 z - an uncursed ring of sustain attributes
 I - a +3 ring of strength (left hand)
 M - an uncursed ring of protection from cold
Wands
 e - a wand of heal wounds (1/9)
 Q - a wand of lightning (5/15)
Scrolls
 g - 4 scrolls of remove curse
 j - 4 scrolls of enchant weapon {unknown}
 r - 3 scrolls of enchant armour {unknown}
 s - a scroll of noise {unknown}
 v - a scroll of blinking {unknown}
 w - a scroll of immolation {unknown}
 G - 6 scrolls of teleportation {unknown}
 H - a scroll of amnesia {unknown}
 L - a scroll of holy word {unknown}
 U - a scroll of fear {unknown}
Potions
 d - a potion of resistance {unknown}
 h - 2 potions of lignification {unknown}
 m - a potion of mutation {unknown}
 n - 3 potions of agility {unknown}
 o - 2 potions of heal wounds {unknown}
 q - 2 potions of flight {unknown}
 u - 4 potions of curing {unknown}
 J - 2 potions of haste {unknown}
 K - 2 potions of degeneration {unknown}
 N - a potion of ambrosia {unknown}
 T - 2 potions of berserk rage {unknown}
 X - a potion of magic {unknown}
Comestibles
 i - 4 bread rations
 p - 4 fruits
 A - 5 beef jerkies
 B - 2 royal jellies
 S - 7 slices of pizza


   Skills:
 * Level 8.0 Fighting
 + Level 6.4(7.0) Axes
 + Level 4.0(5.5) Maces & Flails
 * Level 9.0 Armour
 + Level 5.5 Dodging
 + Level 7.1 Shields
 - Level 3.7 Spellcasting
 + Level 6.1 Invocations
 + Level 7.2 Evocations


You had 17 spell levels left.
You didn't know any spells.

Dungeon Overview and Level Annotations

Branches:
Dungeon (8/15)             Temple (0/1) D:4            Lair (3/8) D:8
  Swamp: Lair:3-6    Shoals: Lair:3-6     Snake: Lair:3-6    Spider: Lair:3-6

Altars:
Makhleb
Okawaru
Yredelemnul
Zin
The Shining One

Annotations:
Lair:3 Sonja


Innate Abilities, Weirdness & Mutations

You are resistant to damage.
You can recharge devices by infusing magical energy.
You passively map the area around you.
You do not regenerate naturally.


Message History

You kill the spiny frog!
Makhleb accepts your kill.
Your Armour skill increases to level 9!
You hit the spiny frog.
The spiny frog is moderately wounded.
The spiny frog misses you. The spiny frog stings you!
* * * LOW HITPOINT WARNING * * *
You are more poisoned.
The spiny frog poisons you!
You hit the spiny frog.
The spiny frog is heavily wounded.
You feel very sick. You block the spiny frog's attack.
You hit the spiny frog.
The spiny frog is heavily wounded.
You feel sick. The spiny frog stings you!
* * * LOW HITPOINT WARNING * * *
You closely miss the spiny frog.
The spiny frog is heavily wounded.
You die...

*........##
#........# #
#........#
.#######.......#*
..#.#.##.......##
.............F..##
...............YP#
.............YY###
.............YYF@#
#...##P##.#.######
#############


You could see 4 elephants and a spiny frog.

Vanquished Creatures
  Harold (Lair:2)
  Erica (Lair:2)
  A black mamba (Lair:1)
  5 spiny frogs
  A rime drake (Lair:1)
  Grinder (D:6)
  6 yaks (D:8)
  Eustachio (D:5)
  A hungry ghost (D:8)
  2 hippogriffs
  Edmund (D:5)
  A water moccasin (Lair:1)
  A sky beast (D:5)
  3 porcupines (Lair:1)
  An orc warrior (D:8)
  A phantom (D:4)
  An ice beast (D:4)
  A necrophage (D:7)
  3 wolves (Lair:1)
  3 ogres
  A centaur (D:7)
  6 crocodiles
  A big kobold (D:8)
  10 giant frogs
  A wyvern skeleton (D:7)
  A scorpion (D:7)
  4 killer bees (D:7)
  4 wights (D:8)
  A howler monkey (D:8)
  3 crimson imps
  5 orc priests
  A jelly (D:6)
  2 centaur skeletons
  4 orc wizards
  A giant frog skeleton (D:7)
  An iguana (D:6)
  5 worker ants
  A sheep (D:8)
  A hound skeleton (D:7)
  3 gnolls (D:6)
  A howler monkey skeleton (D:6)
  5 adders
  6 river rats (Lair:2)
  A shadow imp (D:6)
  An ooze (D:1)
  An adder skeleton (D:6)
  A worm (D:2)
  2 dart slugs
  5 giant geckos
  27 orcs
  A giant cockroach (D:4)
  4 goblins
  5 hobgoblins
  6 jackals
  7 quokkas
  7 bats
  A giant gecko skeleton (D:8)
  6 giant newts
  A jackal zombie (D:7)
  9 kobolds
  2 kobold zombies (D:4)
  3 rats
  2 fungi (D:8)
196 creatures vanquished.

Vanquished Creatures (collateral kills)
  A human (D:8)
  A yak (D:8)
  2 hippogriffs (Lair:2)
  A crocodile (D:8)
  3 sheep (D:8)
  A river rat (Lair:2)
  A fungus (Lair:2)
10 creatures vanquished.

Vanquished Creatures (others)
  An ogre (D:4)
  An adder (D:4)
  11 fungi
  A plant (Lair:3)
14 creatures vanquished.

Grand Total: 220 creatures vanquished

Notes
Turn   | Place    | Note
--------------------------------------------------------------
     0 | D:1      | Metae the Deep Dwarf Fighter began the quest for the Orb.
     0 | D:1      | Reached XP level 1. HP: 20/20 MP: 1/1
   249 | D:1      | Reached XP level 2. HP: 28/28 MP: 2/2
   339 | D:1      | Reached skill level 1 in Evocations
  1003 | D:2      | Reached XP level 3. HP: 34/34 MP: 3/3
  1384 | D:3      | Reached skill level 4 in Armour
  1384 | D:3      | Reached XP level 4. HP: 14/42 MP: 3/5
  1386 | D:3      | Reached skill level 1 in Dodging
  2126 | D:4      | Reached XP level 5. HP: 23/49 MP: 6/6
  2287 | D:4      | Noticed an ogre
  2293 | D:4      | Noticed an ice beast
  2294 | D:4      | Killed an ogre
  2294 | D:4      | Reached skill level 1 in Spellcasting
  2294 | D:4      | Reached XP level 6. HP: 26/57 MP: 7/7
  2302 | D:4      | Killed an ice beast
  2361 | D:4      | Found a burning altar of Makhleb.
  2417 | D:4      | Became a worshipper of Makhleb the Destroyer
  2498 | D:4      | Found a staircase to the Ecumenical Temple.
  2538 | D:4      | Reached skill level 5 in Armour
  2762 | D:4      | Found a runed door.
  2762 | D:4      | Noticed a human
  2767 | D:4      | Found a basalt altar of Yredelemnul.
  2853 | D:4      | Reached XP level 7. HP: 34/64 MP: 9/9
  3028 | D:5      | Entered Level 5 of the Dungeon
  3367 | D:5      | Noticed Edmund
  3392 | D:5      | Killed Edmund
  3418 | D:5      | Noticed Eustachio
  3508 | D:5      | Killed Eustachio
  3508 | D:5      | Reached XP level 8. HP: 43/73 MP: 9/11
  3775 | D:6      | Reached * piety under Makhleb
  3829 | D:6      | Noticed Grinder
  3833 | D:6      | Paralysed by Grinder for 3 turns
  3838 | D:6      | Paralysed by Grinder for 5 turns
  3847 | D:6      | Paralysed by Grinder for 7 turns
  3856 | D:6      | Paralysed by Grinder for 6 turns
  3870 | D:6      | Killed Grinder
  3870 | D:6      | Reached skill level 5 in Fighting
  3870 | D:6      | Reached skill level 6 in Armour
  3870 | D:6      | Reached skill level 5 in Shields
  3870 | D:6      | Reached skill level 1 in Invocations
  4060 | D:6      | Found an iron altar of Okawaru.
  5112 | D:7      | Gained mutation: You passively map the area around you. [Deep Dwarf growth]
  5112 | D:7      | Reached XP level 9. HP: 65/81 MP: 11/13
  5217 | D:7      | Reached skill level 5 in Evocations
  5232 | D:7      | Reached ** piety under Makhleb
  5597 | D:7      | Reached skill level 7 in Armour
  5712 | D:7      | Reached skill level 1 in Maces & Flails
  5922 | D:7      | Found a glowing golden altar of the Shining One.
  5981 | D:8      | Reached skill level 5 in Axes
  6267 | D:8      | Reached *** piety under Makhleb
  6375 | D:8      | Found a staircase to the Lair.
  6584 | D:8      | Reached XP level 10. HP: 43/92 MP: 14/14
  6852 | D:8      | Found a glowing silver altar of Zin.
  7094 | Lair:1   | Entered Level 1 of the Lair of Beasts
  7270 | Lair:1   | Noticed a black mamba
  7284 | Lair:1   | Killed a black mamba
  7308 | Lair:1   | Reached skill level 5 in Dodging
  7361 | Lair:1   | Reached skill level 8 in Armour
  7361 | Lair:1   | Reached skill level 5 in Invocations
  7400 | Lair:1   | Reached **** piety under Makhleb
  7550 | Lair:1   | Noticed a spiny frog
  7570 | Lair:1   | Killed a spiny frog
  7640 | Lair:1   | Noticed a spiny frog
  7658 | Lair:1   | Killed a spiny frog
  8092 | Lair:2   | Noticed Erica
  8144 | Lair:2   | Killed Erica
  8271 | Lair:2   | Noticed Sonja
  8360 | Lair:2   | Noticed a spiny frog
  8367 | Lair:2   | Killed a spiny frog
  8367 | Lair:2   | Reached XP level 11. HP: 54/102 MP: 16/16
  8597 | Lair:2   | Noticed Harold
  8667 | Lair:2   | Killed Harold
  9213 | Lair:3   | Reached skill level 9 in Armour
  9216 | Lair:3   | HP: 3/103 [spiny frog (11)]
  9217 | Lair:3   | Succumbed to a spiny frog's poison

Skill      XL: |  1  2  3  4  5  6  7  8  9 10 11 |
---------------+----------------------------------+-----
Fighting       | 3 4 5 6 7 8 |  8.0
Evocations     | 1 2 3 4 6 7 |  7.2
Armour         | 4 5 6 7 8 9 |  9.0
Dodging        | 1 2 3 4 5 |  5.5
Axes           | 3 4 5 6 |  6.4
Shields        | 4 5 6 7 |  7.1
Spellcasting   | 1 2 3 |  3.7
Invocations    | 2 4 5 6 |  6.1
Maces & Flails | 2 3 4 |  4.0

Action                   |  1- 3 |  4- 6 |  7- 9 | 10-12 || total
-------------------------+-------+-------+-------+-------++-------
Melee: War axe           |    85 |   158 |   390 |       ||   633
       Flail             |       |       |   232 |       ||   232
       Hand axe          |       |       |    39 |   412 ||   451
Invok: Lesser Servant of |       |       |       |     5 ||     5
       Minor Destruction |       |       |       |     1 ||     1
       Major Destruction |       |       |       |     5 ||     5
 Abil: Device Recharging |       |       |       |     3 ||     3
Evoke: Wand              |     2 |     3 |     7 |    25 ||    37
  Use: Scroll            |     1 |     2 |     4 |     4 ||    11
       Potion            |     1 |       |       |       ||     1
  Eat: Chunk             |     1 |     3 |     6 |     4 ||    14
       Beef jerky        |       |     1 |       |       ||     1
       Bread ration      |       |     1 |     1 |     1 ||     3
       Meat ration       |       |       |       |     1 ||     1
       Pizza             |       |       |       |     1 ||     1
Armor: Scale mail        |    28 |    55 |       |       ||    83
       Chain mail        |       |     5 |   348 |   135 ||   488
       Ring mail         |       |       |       |    17 ||    17
Dodge: Dodged            |    10 |    35 |   133 |    79 ||   257
Block: Shield            |    15 |       |       |       ||    15
       Large shield      |    38 |   136 |   596 |   345 ||  1115
